 Dungeon Crawl Stone Soup version 0.18-a0-867-gfd1cc8f (webtiles) character file.

905 timbw the Grappler (level 8, -3/39 HPs)
             Began as a Vine Stalker Fighter on Dec 21, 2015.
             Succumbed to Maurice's poison
             ... on level 8 of the Dungeon.
             The game lasted 00:05:40 (1024 turns).

timbw the Grappler (Vine Stalker Fighter)           Turns: 1024, Time: 00:05:40

Health: -3/39      AC: 11    Str: 20    XL:     8   Next: 8%
Magic:  5/9        EV:  5    Int:  8    God:
Gold:   0          SH:  9    Dex: 15    Spells: 0 memorised, 7 levels left

rFire  . . .     SeeInvis .       - Unarmed
rCold  . . .     Gourm    .     t - +0 chain mail
rNeg   . . .     Faith    .     b - +0 shield
rPois  .         Spirit   +     j - +0 helmet
rElec  .         Dismiss  .     (no cloak)
rCorr  .         Reflect  .     n - +0 pair of gloves
SustAt .         Harm     +     (no boots)
MR     +....                    s - amulet of harm
Stlth  ..........               (no ring)
                                q - ring of loudness (curse)

@: lethally poisoned (-3 -> -43), somewhat resistant to hostile enchantments,
extremely unstealthy
A: fangs 3, regeneration 2, magic shield, antimagic bite, no device heal 3, rot
immunity
a: no special abilities


You were on level 8 of the Dungeon.
You were hungry.

You visited 2 branches of the dungeon, and saw 9 of its levels.

You collected 9 gold pieces.
You donated 9 gold pieces to Zin.

Inventory:

Armour
 a - a +0 scale mail
 b - a +0 shield (worn)
 j - a +0 helmet (worn)
 n - a +0 pair of gloves (worn)
 t - a +0 chain mail (worn)
Jewellery
 q - a cursed ring of loudness (left hand)
 s - an amulet of harm (around neck)
Scrolls
 c - a scroll of teleportation {unknown}
 e - a scroll of magic mapping {unknown}
 l - a scroll of fear {unknown}
 m - a scroll of identify {unknown}
 r - a scroll of random uselessness {unknown}
 v - a scroll of amnesia {unknown}
Potions
 g - 3 potions of curing {unknown}
 i - a potion of brilliance {unknown}
 k - a potion of cure mutation {unknown}
 p - a potion of heal wounds {unknown}
Comestibles
 d - a bread ration
 f - a royal jelly
 o - 4 meat rations


   Skills:
 - Level 2.6 Fighting
 - Level 2.4 Armour
 - Level 2.6 Shields
 + Level 9.2 Unarmed Combat


You had 7 spell levels left.
You didn't know any spells.

Dungeon Overview and Level Annotations

Branches:
Dungeon (8/15)             Temple (1/1) D:7
   Lair: D:8-11

Altars:
Kikubaaqudgha
Nemelex Xobeh
Qazlal
Ru
Vehumet
Zin

Annotations:
D:8 Maurice


Innate Abilities, Weirdness & Mutations

You have razor-sharp teeth.
You heal very quickly.
When hurt, damage is shared between your health and your magic reserves.
Your bite disrupts and absorbs the magic of your enemies.
Potions and wands cannot restore your health.
You are immune to rotting.


Message History

You feel very sick. Something hits you.
* * * LOW HITPOINT WARNING * * *
Something steals your 2 scrolls labeled QAOFFI COSHA!
You are more poisoned.
You closely miss something. Your bite misses something.
* * * LOW HITPOINT WARNING * * *
You feel very sick.
You punch something!
* * * LOW HITPOINT WARNING * * *
You feel very sick.
You hear some strange, mumbled words.
You miss something. You bite something.
* * * LOW HITPOINT WARNING * * *
You feel very sick. Something hits you. Something steals your throwing net!
You are more poisoned.
Your chain mail prevents you from hitting something.
Your bite misses something.
You die...

.. #.##### ...
..#..# ... #.#...
...##.##.###
..........#
##.#..#.#.#
#.......#†#
#.....§<#@# #
#.....#.#{###...#
#.......).......#
......#...#..!....#
..........[.......#
.#######..#........
............
../.#........
#...>#........


There were no monsters in sight!

Vanquished Creatures
  A sky beast (D:5)
  An ogre (D:4)
  2 phantoms
  2 centaurs (D:5)
  A gnoll sergeant (D:8)
  2 hounds
  2 orc priests (D:5)
  2 orc wizards (D:5)
  A giant frog skeleton (D:8)
  Robin (D:2)
  2 adders
  6 gnolls (D:8)
  A shadow imp (D:8)
  An ooze (D:5)
  10 orcs
  10 goblins
  4 hobgoblins (D:2)
  A kobold (D:3)
  A quokka (D:8)
  A ball python (D:5)
  2 bats
  2 giant cockroaches
56 creatures vanquished.

Notes
Turn   | Place    | Note
--------------------------------------------------------------
     0 | D:1      | timbw the Vine Stalker Fighter began the quest for the Orb.
     0 | D:1      | Reached XP level 1. HP: 11/11 MP: 2/2
   123 | D:2      | Noticed Robin
   136 | D:2      | Reached XP level 2. HP: 16/16 MP: 3/3
   151 | D:2      | Killed Robin
   151 | D:2      | Reached skill level 3 in Unarmed Combat
   154 | D:2      | Reached XP level 3. HP: 14/19 MP: 4/4
   212 | D:2      | You fall through a shaft!
   250 | D:4      | Noticed an ogre
   270 | D:4      | Killed an ogre
   270 | D:4      | Reached skill level 5 in Unarmed Combat
   270 | D:4      | Reached XP level 4. HP: 21/23 MP: 5/5
   270 | D:4      | Reached XP level 5. HP: 24/27 MP: 6/6
   310 | D:5      | Entered Level 5 of the Dungeon
   336 | D:5      | Noticed a phantom
   374 | D:5      | Killed a phantom
   374 | D:5      | Reached skill level 6 in Unarmed Combat
   374 | D:5      | Gained mutation: You heal very quickly. [Vine Stalker growth]
   374 | D:5      | Reached XP level 6. HP: 27/32 MP: 7/7
   417 | D:5      | Reached skill level 7 in Unarmed Combat
   437 | D:5      | Reached XP level 7. HP: 19/35 MP: 8/8
   568 | D:5      | Reached skill level 8 in Unarmed Combat
   692 | D:7      | Found a staircase to the Ecumenical Temple.
   697 | Temple   | Entered the Ecumenical Temple
   858 | Temple   | Became a worshipper of Zin the Law-Giver
   926 | D:8      | Was placed under penance by Zin
   935 | D:8      | Noticed Maurice
   965 | D:8      | Fell from the grace of Zin
  1004 | D:8      | Reached skill level 9 in Unarmed Combat
  1004 | D:8      | Gained mutation: You have razor-sharp teeth. [Vine Stalker growth]
  1004 | D:8      | Reached XP level 8. HP: 22/39 MP: 9/9
  1023 | D:8      | HP: 1/39 [poisoned by Maurice]
  1024 | D:8      | Succumbed to Maurice's poison

Vault maps used:
D:1:      minmay_arrival_loop
D:2:      nicolae_overflow_crystal_walls, lemuel_round_altar, dk_noncrumbling_3,
          uniq_robin
D:3:      led_xom_imps, nicolae_ru_awakened_eye
D:4:      tso_metal_star, uniq_edmund
D:5:      lemuel_round_altar, first_bread
D:6:      kennysheep_housing_project, kennysheep_mini_moat,
          nemelex_xobeh_ov_fountains_minmay
D:7:      marbit_many_paths, trog_eyes_of_draining,
          minmay_temple_entry_nine_rooms, enter_ossuary_2
D:8:      lemuel_ice_spiral_2, lemuel_round_altar, grunt_temple_overflow_open,
          hangedman_ranch, elyvilon_altar_3, uniq_maurice
Temple:   hc_temple_tempest_star

Action                   |  1- 3 |  4- 6 |  7- 9 || total
-------------------------+-------+-------+-------++-------
Melee: Unarmed           |    65 |    55 |   129 ||   249
  Use: Potion            |     2 |       |       ||     2
